 Dungeon Crawl Stone Soup version bcrawl-1.19.1 (webtiles) character file.

Game seed: 1285079256576005614

29 Niddhogr the Stinger (level 3, 24/24 HPs)
             Began as a Demonspawn Venom Mage on Dec 1, 2019.
             Got out of the dungeon alive.
             The game lasted 00:04:23 (1310 turns).

Niddhogr the Stinger (Demonspawn Venom Mage)        Turns: 1310, Time: 00:04:24

Health: 24/24      AC:  4    Str:  8    XL:     3   Next: 1%
Magic:  6/6        EV: 12    Int: 17    God:
Gold:   83         SH:  0    Dex: 13    Spells: 3/6 levels left

rFire    . . .     SeeInvis .   l - +0 short sword
rCold    . . .     Gourm    .   (no shield)
rNeg     . . .     Faith    .   a - +0 robe
rPois    .         Spirit   .   (no helmet)
rElec    .         Reflect  .   (no cloak)
rCorr    .         Harm     .   (no gloves)
MR       .....                  (no boots)
Stlth    +++.......             (no amulet)
HPRegen  0.08/turn              W - ring of wizardry {Wiz+}
MPRegen  0.10/turn              (no ring)

@: no status effects
A: thin metallic scales 1, nightstalker 1
a: no special abilities


You escaped.
You were not hungry.

You visited 1 branch of the dungeon, and saw 2 of its levels.

You collected 83 gold pieces.

Inventory:

Hand Weapons
 l - a +0 short sword (weapon)
Missiles
 k - 73 poisoned needles
Armour
 a - a +0 robe (worn)
Jewellery
 W - a ring of wizardry (left hand) {Wiz+}
Scrolls
 b - 3 scrolls of teleportation {unknown}
 e - 2 scrolls of enchant weapon {unknown}
 i - a scroll of remove curse {unknown}
Potions
 c - a potion of berserk rage {!q}
 d - a potion of degeneration {!q}
 g - a potion of cancellation {unknown}
 h - a potion of haste {unknown}
 m - a potion of curing {unknown}
 n - a potion of lignification {unknown}
Comestibles
 f - 3 rations {!d}


   Skills:
 - Level 1.7 Dodging
 - Level 2.0 Stealth
 - Level 2.0 Spellcasting
 - Level 2.0 Conjurations
 + Level 3.8 Poison Magic


You had 3 spell levels left.
You knew the following spells:

 Your Spells              Type           Power        Failure   Level  Hunger
a - Sting                 Conj/Pois      ##..         2%          1    #......
b - Poisonous Vapours     Pois/Air       #.....       6%          2    ###....

Your spell library contained the following spells:

 Spells                   Type           Power        Failure   Level  Hunger
 Ignite Poison            Fire/Tmut/Pois #.......     14%         3    ###....
 Olgreb's Toxic Radiance  Pois           ##......     16%         4    #####..
 Summon Scorpions         Summ/Pois      #.......     32%         4    #####..
 Venom Bolt               Conj/Pois      ##........   52%         5    ######.


Dungeon Overview and Level Annotations

Branches:
Dungeon (2/12)

Altars:


Innate Abilities, Weirdness & Mutations

You are partially covered in thin metallic scales. (AC +2)
You are slightly more attuned to the shadows.


Message History

(D) Dungeon
Where to? (Enter - D:1 @ (x,y), ? - help)
What level of the Dungeon? (default 1, ? - help)
You see here a shield.
You see here 102 stones.
You see here a +0 short sword.
You see here a leather armour.
There is a stone staircase leading up here.
You climb upwards.
There is a stone staircase leading down here.
Health restored: 24
There is a staircase leading out of the dungeon here.
Are you sure you want to leave the Dungeon?
This will make you lose the game!
Alright, then stay!
Unknown command.
Sorry, you're not good enough to have a special ability.
Unknown command.
Unknown command.
Are you sure you want to leave the Dungeon?
This will make you lose the game!
You have escaped!

###.#.#.......#...#........# #.#
#...#..#######.#######...## #.#
#..##..#≈≈#.......#≈≈#(...# #.#
###..##..#≈#.........#≈#..#.###.#
.....##..##...........##.....##.#
...#.##..#.............#...#.##.#
.....#..##.............##..#..#.#
.......#.#.............#.#..#.#.#
###...#.........@.........#...#.#
#....#.#.............#.#..#...#
##....##.............##..###..#
##....#.............#..#....>#
###..##...........##..#.#####
#..#≈#.........#≈#..#.#
#..#≈≈#.......#≈≈#..#.#
#..#######.#######....#
#.......#...#.........#


There were no monsters in sight!

Levels and vault maps discovered:
D:1:      psy_arrival_dodecagon, layout_basic, st_stairs_14, minivault_11
D:2:      layout_loops_ring, fiery_altar_vehumet, led_sif_pool,
          uniq_crazy_yiuf_cottage

Notes
Turn   | Place    | Note
-------+----------+-------------------------------------------
     0 | D:1      | Niddhogr the Demonspawn Venom Mage began the quest for the
                  | Orb.
     0 | D:1      | Reached XP level 1. HP: 13/13 MP: 3/3
   189 | D:1      | Identified a +0 dagger
   203 | D:1      | Reached skill level 2 in Conjurations
   211 | D:1      | Identified a +0 short sword
   395 | D:1      | Gained mutation: You are slightly more attuned to the
                  | shadows. [demonic ancestry]
   395 | D:1      | Reached XP level 2. HP: 17/19 MP: 5/5
   399 | D:1      | Learned a level 2 spell: Poisonous Vapours
   435 | D:1      | Identified a ring of wizardry (You found it on level 1 of
                  | the Dungeon)
   463 | D:1      | Identified a +0 dagger
   567 | D:1      | Identified a +0 club
   924 | D:1      | Identified a +0 club
  1195 | D:2      | Identified a +0 short sword
  1260 | D:2      | Gained mutation: You are partially covered in thin metallic
                  | scales. (AC +2) [demonic ancestry]
  1260 | D:2      | Reached XP level 3. HP: 21/24 MP: 6/6
  1310 | D:$      | Got out of the dungeon alive.

Table legend:
 A = Turns spent in this place as a percentage of turns spent in the entire game.
 B = Non-inter-level travel turns spent in this place as a percentage of non-inter-level travel turns spent in the entire game.
 C = Inter-level travel turns spent in this place as a percentage of turns spent in this place.
 D = Turns resting spent in this place as a percentage of non-inter-level travel turns spent in this place.
 E = Turns spent auto-exploring this place as a percentage of non-inter-level travel turns spent in this place.
 F = Non-inter-level travel turns spent in this place divided by the number of levels of this place that you've seen.
                   A       B       C       D       E      F
               +-------+-------+-------+-------+-------+----------------------
         Total | 100.0 | 100.0 |   5.6 |   0.0 |  87.0 | 618.5
       Dungeon | 100.0 | 100.0 |   5.6 |   0.0 |  87.0 | 618.5
               +-------+-------+-------+-------+-------+----------------------

Table legend:
 A = Kills in this place as a percentage of kills in entire the game.
 B = Kills by you in this place as a percentage of kills by you in the entire game.
 C = Kills by friends in this place as a percentage of kills by friends in the entire game.
 D = Other kills in this place as a percentage of other kills in the entire game.
 E = Experience gained in this place as a percentage of experience gained in the entire game.
 F = Experience gained in this place divided by the number of levels of this place that you have seen.
                   A       B       C       D       E      F
               +-------+-------+-------+-------+-------+----------------------
         Total | 100.0 | 100.0 |   N/A |   N/A | 100.0 |  21.0
       Dungeon | 100.0 | 100.0 |   N/A |   N/A | 100.0 |  21.0
               +-------+-------+-------+-------+-------+----------------------

Skill      XL: |  1 |
---------------+----+-----
Conjurations   | 2 |  2.0
Dodging        | |  1.7
Stealth        | |  2.0
Spellcasting   | |  2.0
Poison Magic   | |  3.8

Action                   || total
-------------------------++-------
Melee: Dagger            ||     9
       Short sword       ||    31
       Unarmed           ||     2
 Cast: Sting             ||    12
       Poisonous Vapours ||     6
 Stab: Sleeping          ||     4
  Eat: Chunk             ||     2
Armor: Robe              ||     5
Dodge: Dodged            ||    21

Vanquished Creatures
  A dart slug (D:1)
  4 leopard geckos
  2 ball pythons
  3 hobgoblins (D:1)
  3 bats (D:1)
  4 goblins (D:1)
  3 kobolds
  2 rats (D:1)
22 creatures vanquished.
